 Dungeon Crawl Stone Soup version 0.30.1-4-g462c640d31 (webtiles) character file.

Game seed: 6429195890615698720

106855 croobank the Fighter (level 15, -7/120 HPs)
             Began as a Demonspawn Ice Elementalist on Sept 1, 2023.
             Was an Initiate of Gozag.
             Mangled by a naga warrior
             ... wielding a +0 short sword
              (33 damage)
             ... on level 1 of the Snake Pit on Sept 3, 2023.
             The game lasted 02:58:28 (32154 turns).

croobank the Fighter (Demonspawn Ice Elementalist) Turns: 32154, Time: 02:58:29

Health: -7/120     AC: 18    Str: 14    XL:     15   Next: 98%
Magic:  17/20      EV: 18    Int: 22    God:    Gozag
Gold:   455        SH: 10    Dex: 10    Spells: 12/35 levels left

rFire   + + +        B - +5 war axe of the Dark Horse {speed, rF+}
rCold   + + +        w - +1 kite shield
rNeg    . . .        Q - +3 leather armour of Zouno {rElec rF++}
rPois   +            q - +2 helmet
rElec   +            D - +2 cloak
rCorr   .            I - +2 pair of gloves
SInv    +            (boots unavailable)
Will    ++...        E - amulet "Hyna" {RegenMP rC++ Str+4 Dex-4}
Stlth   ++++         H - ring "Reynaungej" {rPois rC+ MP-9 EV+5 SInv}
HPRegen 0.40/turn    k - ring of the Salmon {rC+ Will+}
MPRegen 0.57/turn

%: no passive effects
@: about to teleport, studying 2 skills
A: hooves 3, slimy green scales 2, demonic magic 2
a: Renounce Religion, Potion Petition, Call Merchant, Bribe Branch


You were on level 1 of the Snake Pit.
You worshipped Gozag.
Gozag was aware of your devotion.
You visited 5 branches of the dungeon, and saw 24 of its levels.
You also visited: Volcano.

You collected 8763 gold pieces.
You spent 4194 gold pieces at shops.
You paid 4114 gold pieces to Gozag.

Inventory:

Hand Weapons
 c - a +5 scimitar of flaming
 n - the +8 dagger of Taesetol {venom, Fly rN+++ Int-5 Dex+2}
   (You found it on level 3 of the Dungeon)

   Int:       It affects your intelligence (-5).
   Dex:       It affects your dexterity (+2).
   rN:        It renders you almost immune to negative energy.
   Fly:       It grants you flight.
 B - the +5 war axe of the Dark Horse (weapon) {speed, rF+}
   (You found it on level 14 of the Dungeon)

   rF:        It protects you from fire.
Missiles
 e - 3 throwing nets (quivered)
 g - 11 curare-tipped darts
 y - 17 boomerangs
 F - 11 atropa-tipped darts
 O - 5 boomerangs of dispersal
Armour
 q - a +2 helmet (worn)
 w - a +1 kite shield (worn)
 D - a +2 cloak (worn)
 I - a +2 pair of gloves (worn)
 P - the +0 leather armour of Intuition {Will- rCorr Int+5}
   (You bought it in a shop on level 10 of the Dungeon)

   Int:       It affects your intelligence (+5).
   rCorr:     It protects you from acid and corrosion.
   Will:      It decreases your willpower.
 Q - the +3 leather armour of Zouno (worn) {rElec rF++}
   (You bought it in a shop on level 10 of the Dungeon)

   rF:        It greatly protects you from fire.
   rElec:     It insulates you from electricity.
Magical Staves
 u - a staff of cold
Jewellery
 h - a ring of magical power
 i - a ring of positive energy
 j - a ring of ice
 k - the ring of the Salmon (right hand) {rC+ Will+}
   (You bought it in a shop on level 9 of the Dungeon)

   [ring of willpower]

   rC:        It protects you from cold.
   Will:      It increases your willpower.
 E - the amulet "Hyna" (around neck) {RegenMP rC++ Str+4 Dex-4}
   (You acquired it on level 8 of the Dungeon)

   [amulet of magic regeneration]

   It increases your rate of magic regeneration.
   Str:       It affects your strength (+4).
   Dex:       It affects your dexterity (-4).
   rC:        It greatly protects you from cold.
 H - the ring "Reynaungej" (left hand) {rPois rC+ MP-9 EV+5 SInv}
   (You bought it in a shop on level 9 of the Dungeon)

   [ring of evasion]

   EV:        It affects your evasion (+5).
   rC:        It protects you from cold.
   rPois:     It protects you from poison.
   MP:        It affects your magic capacity (-9).
   SInv:      It lets you see invisible.
 R - a +6 ring of intelligence
 S - a +6 ring of intelligence
 Z - a ring of positive energy
Wands
 b - a wand of iceblast (3)
 d - a wand of flame (24)
 s - a wand of paralysis (38)
 G - a wand of polymorph (8)
Scrolls
 a - 6 scrolls of identify
 f - a scroll of amnesia
 o - a scroll of silence
 p - 2 scrolls of immolation
 x - a scroll of blinking
 z - a scroll of poison
 A - 2 scrolls of fear
 K - a scroll of teleportation
 L - 2 scrolls of vulnerability
 W - a scroll of fog
 Y - a scroll of butterflies
Potions
 l - 6 potions of magic
 m - 6 potions of lignification
 r - 4 potions of attraction
 t - 7 potions of mutation
 v - 2 potions of flight
 C - 3 potions of haste
 J - 6 potions of curing
 M - 3 potions of brilliance
 N - 2 potions of cancellation
 T - a potion of might
 V - a potion of invisibility
Miscellaneous
 U - a lightning rod (4/4)
 X - a box of beasts


   Skills:
 + Level 11.9 Fighting
 - Level 10.0 Short Blades
 - Level 3.0 Armour
 + Level 11.3 Dodging
 - Level 11.5 Stealth
 + Level 5.5 Shields
 - Level 10.7 Spellcasting
 * Level 5.7 Summonings
 - Level 5.0 Translocations
 - Level 11.1 Ice Magic


You had 12 spell levels left.
You knew the following spells:

 Your Spells              Type           Power      Damage    Failure   Level
a - Freeze                Ice            100%       1d10      1%          1
b - Frozen Ramparts       Ice            100%       1d16      1%          3
c - Ozocubu's Armour      Ice            57%        N/A       1%          3
d - Summon Ice Beast      Ice/Summ       48%        N/A       6%          4
e - Summon Lightning Spi  Summ/Air       24%        N/A       54%         4
f - Blink                 Tloc           66%        N/A       4%          2
g - Summon Cactus Giant   Summ           18%        N/A       96%         6

Your spell library contained the following spells:

 Spells                   Type           Power      Damage    Failure   Level
 Lesser Beckoning         Tloc           66%        N/A       4%          2
 Hailstorm                Conj/Ice       36%        3d9       6%          3
 Gell's Gravitas          Tloc           33%        N/A       8%          3
 Teleport Other           Tloc           33%        N/A       8%          3
 Momentum Strike          Conj/Tloc      44%        3d9       11%         2
 Vhi's Electric Charge    Tloc/Air       44%        N/A       22%         3
 Manifold Assault         Tloc           33%        N/A       26%         4
 Passage of Golubria      Tloc           33%        N/A       26%         4
 Scorch                   Fire           22%        2d5       30%         2
 Tukima's Dance           Hex            11%        N/A       52%         3
 Ozocubu's Refrigeration  Ice            28%        4d13      88%         7
 Anguish                  Hex/Necr       5%         N/A       90%         4
 Cause Fear               Hex            5%         N/A       90%         4
 Flame Wave               Conj/Fire      11%        2d6       90%         4
 Arcjolt                  Conj/Air       5%         1d15      99%         5
 Blade Hands              Tmut           5%         N/A       99%         5
 Irradiate                Conj/Tmut      5%         3d13      99%         5
 Yara's Violent Unravell  Hex/Tmut       5%         3d4       99%         5
 Dragon Form              Tmut           5%         N/A       100%        7
 Enfeeble                 Hex            5%         N/A       100%        7
 Storm Form               Tmut/Air       5%         N/A       100%        7
 Maxwell's Capacitive Co  Air            5%         ∞         100%        8


Dungeon Overview and Level Annotations

Branches:
Dungeon (15/15)            Temple (1/1) D:5            Lair (5/5) D:9
  Swamp (0/4) Lair:3        Snake (1/4) Lair:2        Slime (0/5) Lair:5
    Orc (2/2) D:12            Elf (0/3) Orc:2        Vaults (0/5) D:13
 Depths (0/4) D:15        Volcano (visited)

Altars:
Ashenzari
Cheibriados
Fedhas
Gozag
Kikubaaqudgha
Nemelex Xobeh
Qazlal
Ru
Sif Muna
Vehumet
Wu Jian
Xom
Yredelemnul
Jiyva

Shops:
D:4 =   D:7 *   D:9 =   D:10 [   D:13 :   Orc:2 *:=(?

Annotations:
D:1 1 transporter
D:5 2 transporters, croobank's ghost, weakling DsDe


Innate Abilities, Weirdness & Mutations

You have hooves in place of feet.
You are mostly covered in slimy green scales. (AC +3)
Spells you cast may paralyse nearby enemies.


Message History

The wall freezes the naga warrior!
The naga warrior hits you but does no damage.
You block the naga warrior's attack.
The naga warrior roars a battlecry!
The naga warrior goes into a battle-frenzy!
The wall freezes the naga but does no damage.
The salamander completely misses you.
Casting: Freeze (safe; 1% risk of failure)
Confirm with . or Enter, or press ? or * to list all spells.
Aiming: Freeze (safe; 1% risk of failure)
Press: ? - help, Shift-Dir - straight line, f/p - naga warrior
Aim: a naga warrior, wielding a +0 glaive and wearing a +0 robe (heavily wounded, strong)
You freeze the naga warrior.
The naga warrior is heavily wounded.
Malevolent energies surge around you.
The wall freezes the naga warrior but does no damage.
The naga warrior hits you with a +0 glaive.
The naga warrior closely misses you.
The wall freezes the naga!
You are too injured to fight recklessly!
You are too injured to fight recklessly!
As you read the scroll of teleportation, it crumbles to dust.
You feel strangely unstable.
The salamander no longer looks unusually strong.
The naga is no longer paralysed.
The salamander hits you from afar with a +4 heavy glaive!
You are engulfed in flames.
You resist.
The wall freezes the naga warrior!
The naga warrior hits you with a +0 short sword!!
* * * LOW HITPOINT WARNING * * *
The naga warrior grabs you. The naga warrior constricts you.
* * * LOW HITPOINT WARNING * * *
The heat melts your icy armour.
Your icy armour and frozen ramparts will break if you move.
Continue?
You escape the naga warrior's grasp.
Your icy armour cracks and falls away as you move.
The frozen ramparts melt away as you move.
The naga warrior hits you but does no damage.
There are monsters nearby!
The naga warrior hits you with a +0 short sword!!
You die...
Your body crumbles into a pile of gold.

...............####
[.................###
....................###
......................##
.................N...).#
.................###....#
...............N## .N.
.##...........NN### .
#.....##.......N@.#
#.......###########$
#########


You could see 2 naga warriors, a salamander and a naga (strong).

Vanquished Creatures
  Frances (D:13)
  2 orc warlords (Orc:2)
  A very ugly thing (D:15)
  Azrael (D:13)
  Josephine (D:10)
  A vault guard (D:13)
  3 hydras
  Harold (D:11)
  4 ogre magi
  2 anacondas (Snake:1)
  A boulder beetle (D:11)
  17 two-headed ogres
  3 centaur warriors
  4 death yaks (Lair:4)
  A naga warrior (Snake:1)
  An orc high priest (Orc:2)
  A hell knight (Volcano)
  A tengu warrior (D:13)
  Nergalle (D:12)
  3 skysharks
  2 deep trolls (Orc:2)
  A goliath frog (Lair:5)
  A naga ritualist (Snake:1)
  2 deep elf pyromancers (D:15)
  A mana viper (Snake:1)
  Pikel (D:8)
  3 orc knights
  11 cyclopes
  8 ugly things
  A salamander (Snake:1)
  4 orc sorcerers (Orc:2)
  3 manticores
  15 elephants
  Maurice (D:8)
  A smoke demon (Volcano)
  3 black mambas
  A guardian serpent (Snake:1)
  A naga mage (Snake:1)
  A gargoyle (D:11)
  Maggie (Lair:1)
  3 unseen horrors
  A freezing wraith (D:14)
  21 cane toads
  8 komodo dragons
  A tengu conjurer (D:13)
  An efreet (D:15)
  A red devil (Volcano)
  4 rime drakes
  A queen bee (D:8)
  2 polar bears
  A hornet (D:9)
  13 trolls
  Grinder (D:3)
  19 blink frogs
  Prince Ribbit (D:6)
  6 slime creatures (D:15)
  A centaur simulacrum (D:15)
  22 yaks
  6 wraiths
  8 wyverns
  3 shadows
  A fire elemental (D:13)
  4 basilisks
  8 humans (D:13)
  2 steam dragons
  A human (shapeshifter) (D:14)
  Grum (D:8)
  10 vampire mosquitoes
  8 nagas
  3 wargs
  12 water moccasins
  3 hell hounds (D:13)
  An acid dragon (D:13)
  A nameless horror (D:15)
  Duvessa (D:6)
  29 ogres
  29 orc warriors
  A black bear (D:5)
  7 centaurs
  13 wolves
  3 lemures (D:8)
  16 bullfrogs
  6 gnoll sergeants
  7 kobold brigands
  4 scorpions (D:5)
  5 wights
  Dowan (D:6)
  19 killer bees
  6 howler monkeys
  2 electric eels
  11 hounds
  18 orc priests
  2 gnoll boudas
  6 jellies
  4 sleepcaps
  2 iguanas
  27 orc wizards
  Robin (D:3)
  43 gnolls
  15 adders
  3 shadow imps
  3 white imps
  An ufetubus (D:4)
  4 dart slugs
  73 orcs
  A bat zombie (D:9)
  5 endoplasms
  3 giant cockroaches
  A giant cockroach (shapeshifter) (D:15)
  18 goblins
  10 hobgoblins
  14 jackals
  12 kobolds
  5 quokkas
  12 ball pythons
  3 bats (D:2)
  4 frilled lizards
  8 rats
  A rat zombie (D:9)
750 creatures vanquished.

Vanquished Creatures (collateral kills)
  A great orb of eyes (D:15)
  A vault guard (D:13)
  A boulder beetle (Lair:2)
  A two-headed ogre (D:15)
  A naga warrior (Snake:1)
  2 ugly things (D:15)
  A cyclops (D:15)
  2 manticores
  A komodo dragon (Lair:2)
  A troll (Orc:2)
  A tyrant leech (Lair:5)
  2 blink frogs
  4 slime creatures (D:15)
  A human (D:13)
  A basilisk (Lair:3)
  3 yaks (Lair:2)
  A nameless horror (D:13)
  2 water moccasins (Lair:1)
  A black bear (shapeshifter) (D:13)
  An ogre (Orc:2)
  A bullfrog (Lair:1)
  A gnoll sergeant (D:11)
  A jelly (Lair:5)
  An orc priest (Orc:2)
  An orc wizard (Orc:2)
34 creatures vanquished.

Vanquished Creatures (others)
  A boulder beetle (D:13)
  A two-headed ogre (D:10)
  A blink frog (Lair:5)
  A wraith (D:11)
  A human (D:13)
  An orc (D:5)
6 creatures vanquished.

Grand Total: 790 creatures vanquished

Notes
Turn   | Place    | Note
-------+----------+-------------------------------------------
     0 | D:1      | croobank the Demonspawn Ice Elementalist began the quest
                  | for the Orb.
     0 | D:1      | Reached XP level 1. HP: 13/13 MP: 3/3
   162 | D:1      | Gained mutation: You are partially covered in slimy green
                  | scales. (AC +2) [demonic ancestry]
   162 | D:1      | Reached XP level 2. HP: 14/19 MP: 0/5
   754 | D:1      | Reached XP level 3. HP: 24/24 MP: 2/6
   833 | D:1      | Learned a level 3 spell: Frozen Ramparts
  1273 | D:2      | Found a faded altar of an unknown god.
  1884 | D:3      | Reached XP level 4. HP: 30/30 MP: 3/7
  2039 | D:3      | Noticed a water moccasin
  2040 | D:3      | Identified the +8 dagger of Taesetol {venom, Fly rN+++
                  | Int-5 Dex+2}
  2048 | D:3      | Killed a water moccasin
  2049 | D:3      | Gained mutation: Spells you cast may paralyse adjacent
                  | enemies. [demonic ancestry]
  2049 | D:3      | Reached XP level 5. HP: 20/35 MP: 3/9
  2218 | D:3      | Found a shimmering blue altar of Sif Muna.
  2241 | D:3      | Noticed Grinder
  2254 | D:3      | Killed Grinder
  2255 | D:3      | Reached XP level 6. HP: 41/41 MP: 4/11
  2532 | D:3      | Identified the +0 scale mail of the Game of Life {rElec
                  | Will+ Int-4}
  2554 | D:3      | Noticed Robin
  2569 | D:3      | Killed Robin
  3218 | D:4      | Reached skill level 5 in Ice Magic
  3218 | D:4      | Gained mutation: You have large cloven feet. [demonic
                  | ancestry]
  3218 | D:4      | Reached XP level 7. HP: 46/46 MP: 8/12
  3503 | D:4      | Found Feamuhim's Jewellery Boutique.
  3558 | D:4      | Learned a level 3 spell: Ozocubu's Armour
  4073 | D:5      | Entered Level 5 of the Dungeon
  4505 | D:5      | Found a staircase to the Ecumenical Temple.
  4542 | Temple   | Entered the Ecumenical Temple
  4553 | Temple   | Became a worshipper of Gozag Ym Sagoz the Greedy
  4762 | D:5      | Noticed a yak
  4782 | D:5      | Killed a yak
  4783 | D:5      | Reached XP level 8. HP: 29/52 MP: 3/14
  4900 | D:5      | Reached skill level 1 in Fighting
  4900 | D:5      | Reached skill level 5 in Stealth
  4921 | D:5      | Reached skill level 5 in Spellcasting
  5359 | D:5      | Noticed a hornet
  5372 | D:5      | Found a transporter.
  5377 | D:5      | Found a transporter.
  5384 | D:5      | Noticed croobank's ghost (weakling DsDe)
  5869 | D:6      | Noticed Duvessa
  5869 | D:6      | Noticed Dowan
  5878 | D:6      | Killed Dowan
  5879 | D:6      | Reached skill level 5 in Dodging
  5886 | D:6      | Killed Duvessa
  6228 | D:6      | Gained mutation: You are mostly covered in slimy green
                  | scales. (AC +3) [demonic ancestry]
  6228 | D:6      | Reached XP level 9. HP: 65/65 MP: 15/17
  7507 | D:7      | Noticed Prince Ribbit
  7782 | D:6      | Killed Prince Ribbit
  8003 | D:7      | Found a blossoming altar of Fedhas.
  8004 | D:7      | Found a stormy altar of Qazlal.
  8024 | D:7      | Reached skill level 5 in Fighting
  8484 | D:7      | Found Aceinuiq's Assorted Antiques.
  8518 | D:7      | Bought a fizzy pink potion for 21 gold pieces
  8518 | D:7      | Bought a scroll of immolation for 96 gold pieces
  8518 | D:7      | Bought a scroll of identify for 48 gold pieces
  8518 | D:7      | Bought a steaming garnet amulet for 120 gold pieces
  8518 | D:7      | Identified the amulet of Yendor {Faith rF+} (You bought it
                  | in a shop on level 7 of the Dungeon)
  8707 | D:8      | Reached skill level 1 in Short Blades
  8878 | D:8      | Noticed Pikel
  8888 | D:8      | Killed Pikel
  8889 | D:8      | Gained mutation: Spells you cast may paralyse nearby
                  | enemies. [demonic ancestry]
  8889 | D:8      | Reached XP level 10. HP: 61/76 MP: 11/19
  8995 | D:8      | Identified a scroll of acquirement
  8995 | D:8      | Acquired the amulet "Hyna" {RegenMP rC++ Str+4 Dex-4}
  9077 | D:8      | Identified the +2 ring mail of Relativism {Slay+2}
  9083 | D:8      | Noticed Maurice
  9394 | D:8      | Killed Maurice
  9774 | D:8      | Noticed Grum
  9782 | D:8      | Killed Grum
 10348 | D:9      | Found a staircase to the Lair.
 10385 | D:9      | Reached XP level 11. HP: 34/83 MP: 13/21
 10592 | D:9      | Noticed a two-headed ogre
 10599 | D:9      | Killed a two-headed ogre
 10600 | D:9      | Reached skill level 5 in Short Blades
 10768 | D:9      | Found a shimmering altar of Xom.
 10961 | D:9      | Found an ancient bone altar of Kikubaaqudgha.
 11324 | D:10     | Entered Level 10 of the Dungeon
 11461 | D:10     | Noticed a two-headed ogre
 11466 | D:10     | Killed a two-headed ogre
 11479 | D:10     | Noticed Josephine
 11490 | D:10     | Killed Josephine
 11880 | D:10     | Found Jebbol's Antique Armour Boutique.
 11895 | D:10     | Bought a heavily runed leather armour for 147 gold pieces
 11895 | D:10     | Identified the +0 leather armour of Intuition {Will- rCorr
                  | Int+5} (You bought it in a shop on level 10 of the Dungeon)
 11895 | D:10     | Bought a smouldering leather armour for 147 gold pieces
 11895 | D:10     | Identified the +3 leather armour of Zouno {rElec rF++} (You
                  | bought it in a shop on level 10 of the Dungeon)
 11927 | D:10     | Learned a level 4 spell: Summon Ice Beast
 12030 | D:10     | Noticed a two-headed ogre
 12073 | D:10     | Killed a two-headed ogre
 12083 | D:10     | Reached skill level 1 in Summonings
 12263 | D:10     | Paralysed by an orc for 4 turns
 12855 | D:11     | Noticed a two-headed ogre
 12861 | D:11     | Killed a two-headed ogre
 12890 | D:11     | Noticed Harold
 12890 | D:11     | Noticed a purple ugly thing
 12899 | D:11     | Killed a purple ugly thing
 12962 | D:11     | Killed Harold
 12969 | D:11     | Noticed a boulder beetle
 13271 | D:11     | Reached XP level 12. HP: 25/92 MP: 23/23
 13358 | D:11     | Killed a boulder beetle
 14127 | Lair:1   | Entered Level 1 of the Lair of Beasts
 14414 | D:9      | Bought the ring "Reynaungej" {rPois rC+ MP-9 EV+5 SInv} for
                  | 553 gold pieces
 14768 | D:12     | Noticed Nergalle
 14793 | D:12     | Killed Nergalle
 15270 | D:12     | Found a staircase to the Orcish Mines.
 15649 | D:12     | Noticed a two-headed ogre
 15651 | D:12     | Killed a two-headed ogre
 15672 | D:12     | Reached skill level 5 in Summonings
 16028 | D:13     | Noticed a tengu warrior
 16534 | D:13     | Noticed a centaur warrior
 16544 | D:13     | Killed a centaur warrior
 16552 | D:13     | Noticed Azrael
 16562 | D:13     | Killed Azrael
 17282 | Lair:1   | Gained mutation: You have hoof-like feet. [demonic
                  | ancestry]
 17282 | Lair:1   | Reached XP level 13. HP: 83/99 MP: 20/25
 17323 | Lair:1   | Found a basalt altar of Yredelemnul.
 17925 | Lair:1   | Noticed Maggie
 17935 | Lair:1   | Killed Maggie
 18793 | Lair:2   | Found a staircase to the Snake Pit.
 20064 | Lair:3   | Found a staircase to the Swamp.
 20068 | Lair:3   | Learned a level 2 spell: Blink
 20551 | Lair:4   | Reached skill level 1 in Translocations
 20625 | Lair:4   | Found a dark tunnel.
 20640 | Volcano  | Entered a volcano
 21373 | Lair:4   | Reached skill level 10 in Stealth
 21446 | Lair:4   | Reached XP level 14. HP: 44/108 MP: 19/27
 22134 | Lair:5   | Entered Level 5 of the Lair of Beasts
 22462 | Lair:5   | Reached skill level 10 in Short Blades
 22603 | Lair:5   | Reached skill level 10 in Ice Magic
 23077 | Lair:5   | Reached skill level 10 in Fighting
 23485 | Lair:5   | Reached skill level 5 in Translocations
 23693 | Lair:5   | Found a staircase to the Slime Pits.
 23694 | Lair:5   | Found a viscous altar of Jiyva.
 24227 | Orc:1    | Entered Level 1 of the Orcish Mines
 24647 | Orc:2    | Entered Level 2 of the Orcish Mines
 24647 | Orc:2    | Found a staircase to the Elven Halls.
 24796 | Orc:2    | Reached skill level 10 in Spellcasting
 25511 | Orc:2    | Reached skill level 10 in Dodging
 25619 | Orc:2    | Noticed an orc warlord
 25635 | Orc:2    | Killed an orc warlord
 25988 | Orc:2    | Noticed an orc warlord
 26005 | Orc:2    | Killed an orc warlord
 26006 | Orc:2    | Gained mutation: You have hooves in place of feet. [demonic
                  | ancestry]
 26006 | Orc:2    | Reached XP level 15. HP: 80/117 MP: 24/29
 26797 | Orc:2    | Paralysed by an ogre mage for 4 turns
 26920 | Orc:2    | Found Soososm's General Store.
 26923 | Orc:2    | Found Coig's Book Shop.
 26924 | Orc:2    | Found Vyhag's Jewellery Shop.
 26942 | Orc:2    | Bought a scroll of butterflies for 48 gold pieces
 26946 | Orc:2    | Found Ucogag's Antique Weapon Emporium.
 26947 | Orc:2    | Bought a book of the Sky for 748 gold pieces
 26964 | Orc:2    | Learned a level 4 spell: Summon Lightning Spire
 26970 | Orc:2    | Bought a book of Scorching for 360 gold pieces
 26977 | Orc:2    | Learned a level 6 spell: Summon Cactus Giant
 27023 | Orc:2    | Found Kaiwae's Magic Scroll Boutique.
 27731 | D:13     | Found a gate to the Vaults.
 27776 | D:13     | Found Nuarghoa's Self-Improvement Boutique.
 27791 | D:13     | Noticed Frances
 27814 | D:13     | Killed Frances
 28040 | D:13     | Bought a manual of Shields for 1360 gold pieces
 28162 | D:9      | Bought the ring of the Salmon {rC+ Will+} for 546 gold
                  | pieces
 28337 | D:13     | Reached skill level 1 in Shields
 28725 | D:14     | Identified the +5 war axe of the Dark Horse {speed, rF+}
 28904 | D:14     | Reached skill level 1 in Armour
 29563 | D:15     | Entered Level 15 of the Dungeon
 30513 | D:15     | Found a stormy altar of Qazlal.
 30931 | D:15     | Found a staircase to the Depths.
 31457 | Snake:1  | Entered Level 1 of the Snake Pit
 31722 | Snake:1  | Reached skill level 5 in Shields
 32154 | Snake:1  | Mangled by a naga warrior

Illustrated notes

Levels and vault maps discovered:
D:1:      spicycebolla_arrival_transporter_tutorial, layout_loops_ring
D:2:      layout_rooms, basic_altar, ebering_ecumenical_altar_rust
D:3:      layout_loops_ring, marbit_many_paths, uniq_robin, uniq_grinder
D:4:      layout_basic, serial_shops, shop
D:5:      wad_crossroads, layout_basic, temple_statues, gammafunk_ghost_hive,
          nzn_random_ring
D:6:      layout_basic, kennysheep_flooded_box, uniq_duvessa
D:7:      layout_rooms, grunt_temple_overflow_forces_of_nature, serial_shops,
          kennysheep_little_box, uniq_prince_ribbit1
D:8:      layout_cave_pods, tso_metal_star, st_stairs_14,
          nicolae_looking_at_the_future, uniq_grum, uniq_pikel, uniq_maurice
D:9:      layout_loops_ring, lemuel_zombie_altar_kikubaaqudgha, xom_redecorated,
          minmay_lair_entry_grove
D:10:     minmay_flawed_box, layout_cave_pools, serial_gnoll_camp,
          gnoll_camp_mini_sergeant, gnoll_camp_mini_doghouse,
          gnoll_camp_mini_loothouse, gnoll_camp_huts_basic,
          gnoll_camp_mini_shop, gnoll_camp_mini_doghouse, uniq_josephine
D:11:     layout_roguey, minmay_fractal_squares_diagonal_5, uniq_harold
D:12:     layout_stronghold, kennysheep_orc_monster_closet_entryway,
          uniq_nergalle
D:13:     layout_rooms, ximxim_vaults_locker_room, serial_corexii_hall,
          corexii_hall_statues_l, corexii_hall_statues_t,
          corexii_hall_statues_u, corexii_hall_statues_l, hex_large,
          nicolae_shop_self_help, uniq_frances, uniq_azrael
D:14:     layout_loops_corners, kennysheep_nondescript, minmay_curled_crystal
D:15:     gammafunk_enter_depths_forms, layout_stronghold,
          nicolae_qazlal_style_of_elements
Temple:   nicolae_temple_bog_church
Lair:1:   layout_regular_city, lemuel_centaur_altar, serial_bayou_shore_b,
          uniq_maggie
Lair:2:   layout_hall_layers, minmay_snake_entry_guardpost_large,
          serial_bayou_shore_b
Lair:3:   layout_cave_pods, swamp_mist, serial_bayou_crossing,
          grunt_megastairs_2
Lair:4:   layout_cave_pods, nicolae_volcano_entry_hallway,
          infiniplex_staircase_pool
Lair:5:   minmay_lair_end_frog_pond, layout_regular_city,
          nicolae_slime_entry_field_trip, chequers_serial_rivers_large_a,
          chequers_serial_rivers_micro_d, lemuel_old_faithful
Snake:1:  layout_onion_interference, serial_bayou_ford_a, lightli_airlock
Orc:1:    layout_caves, basic_altar
Orc:2:    st_orc_open, layout_caves, basic_altar, serial_shops,
          nicolae_shop_behind_doors, mines4_lemuel

Skill      XL: |  1  2  3  4  5  6  7  8  9 10 11 12 13 14 15 |
---------------+----------------------------------------------+-----
Stealth        | 2 3 4 5 6 7 8 9 10 11 | 11.5
Dodging        | 2 3 4 5 6 7 8 9 10 11 | 11.3
Ice Magic      | 4 5 6 7 8 9 10 11 | 11.1
Spellcasting   | 3 4 5 6 7 8 9 10 | 10.7
Fighting       | 3 5 6 7 8 9 10 11 | 11.9
Short Blades   | 2 4 6 8 9 10 | 10.0
Summonings     | 2 5 |  5.7
Translocations | 2 5 |  5.0
Shields        | 5 |  5.5
Armour         | 3 |  3.0

Action                     |  1- 3 |  4- 6 |  7- 9 | 10-12 | 13-15 || total
---------------------------+-------+-------+-------+-------+-------++-------
  Melee: Unarmed           |     4 |       |       |       |       ||     4
         Short sword       |    85 |    10 |       |       |       ||    95
         Punch             |     1 |       |     7 |     7 |     5 ||    20
         Dagger            |       |    34 |   219 |   486 |   674 ||  1413
         Kick              |       |       |    55 |   157 |   311 ||   523
         Spear             |       |       |       |    10 |       ||    10
         War axe           |       |       |       |       |   135 ||   135
  Throw: Dart              |       |     4 |       |     2 |       ||     6
         Throwing net      |       |       |       |     1 |       ||     1
   Cast: Freeze            |    35 |     3 |     3 |    13 |   116 ||   170
         Frozen Ramparts   |    11 |    16 |    40 |    57 |   155 ||   279
         Ozocubu's Armour  |       |       |    24 |    38 |   104 ||   166
         Summon Ice Beast  |       |       |       |    18 |    40 ||    58
         Summon Lightning  |       |       |       |       |    11 ||    11
 Invoke: Potion Petition   |       |       |       |     2 |     6 ||     8
         Call Merchant     |       |       |       |     1 |       ||     1
  Evoke: Wand              |       |       |     4 |     5 |    10 ||    19
    Use: Potion            |     1 |       |     2 |     8 |     2 ||    13
         Scroll            |     3 |     1 |    16 |    13 |    20 ||    53
   Stab: Sleeping          |     6 |     6 |    23 |     8 |    23 ||    66
         Paralysed         |       |     4 |    23 |    50 |   161 ||   238
         Distracted        |       |       |     1 |     1 |     5 ||     7
         Invisible         |       |       |       |       |     1 ||     1
 Armour: Robe              |    33 |    12 |    73 |    98 |       ||   216
         Leather armour    |       |       |       |    88 |   279 ||   367
  Dodge: Dodged            |   105 |    37 |   187 |   371 |   786 ||  1486
  Block: Kite shield       |       |       |       |       |    28 ||    28
